 Dungeon Crawl Stone Soup version 0.27-a0-1586-gd5c625afe7 (webtiles) character file.

Game seed: 15806757707623985398

42 HAL9000 the Sneak (level 3, 0/18 HPs)
             Began as a Vine Stalker Brigand on July 18, 2021.
             Succumbed to an adder's poison
             ... on level 2 of the Dungeon.
             The game lasted 00:01:25 (1007 turns).

HAL9000 the Sneak (Vine Stalker Brigand)            Turns: 1007, Time: 00:01:26

Health: 0/18       AC:  6    Str: 14    XL:     3   Next: 54%
Magic:  1/4        EV:  8    Int: 11    God:
Gold:   69         SH:  0    Dex: 15    Spells: 2/2 levels left

rFire    . . .     SeeInvis .   a - +2 dagger
rCold    . . .     Faith    .   (no shield)
rNeg     . . .     Spirit   +   b - +0 robe
rPois    .         Reflect  .   (no helmet)
rElec    .         Harm     .   c - +0 cloak
rCorr    .         Rampage  .   (no gloves)
Will     .....                  g - +2 pair of boots {Fly}
Stlth    +++.......             (no amulet)
HPRegen  0.06/turn              (no ring)
MPRegen  0.09/turn              (no ring)

@: lethally poisoned (0 -> -7), flying, constricted
A: fangs 2, magic shield, antimagic bite, no potion heal 2
a: no special abilities


You were on level 2 of the Dungeon.
You visited 1 branch of the dungeon, and saw 2 of its levels.

You collected 69 gold pieces.

Inventory:

Hand Weapons
 a - a +2 dagger (weapon)
Missiles
 d - 8 poisoned darts (quivered)
 e - 2 curare-tipped darts
Armour
 b - a +0 robe (worn)
 c - a +0 cloak (worn)
 g - a +2 pair of boots of flying (worn)
Scrolls
 h - a scroll of teleportation {unknown}
 i - a scroll of fog {unknown}
Potions
 j - a potion of ambrosia {unknown}
 k - 2 potions of curing {unknown}
 l - a potion of lignification {unknown}
 m - a potion of haste {unknown}


   Skills:
 - Level 1.7 Fighting
 - Level 2.2 Short Blades
 + Level 3.1 Throwing
 - Level 0.7 Dodging
 - Level 4.8 Stealth


You had 2 spell levels left.
You didn't know any spells.
Your spell library contained the following spells:

 Spells                   Type           Power      Damage    Failure   Level
 Passwall                 Tmut/Erth      0%         N/A       47%         2
 Swiftness                Air            0%         N/A       71%         3
 Invisibility             Hex            0%         N/A       100%        6


Dungeon Overview and Level Annotations

Branches:
Dungeon (2/15)

Altars:


Innate Abilities, Weirdness & Mutations

You have extremely sharp teeth.
When hurt, damage is shared between your health and your magic reserves.
Your bite disrupts and absorbs the magic of your enemies.
Potions cannot restore your health.


Message History

The adder bites you.
You closely miss the adder. Your bite misses the adder.
The adder is lightly wounded.
The adder bites you.
You are poisoned.
The adder poisons you!
You hit the adder.
The adder is moderately wounded.
You feel sick. The adder bites you.
You hit the adder.
The adder is heavily wounded.
You feel sick. The adder bites you.
You are more poisoned.
The adder poisons you!
You are too injured to fight recklessly!
You are too injured to fight recklessly!
You are too injured to fight recklessly!
You are too injured to fight recklessly!
You hit the adder.
The adder is severely wounded.
You feel sick. The adder bites you.
* * * LOW HITPOINT WARNING * * *
You are more poisoned.
The adder poisons you!
You hit the adder. You bite the adder, but do no damage.
The adder is almost dead.
* * * LOW HITPOINT WARNING * * *
You feel sick. The adder barely misses you.
The ball python bites you but does no damage.
The ball python grabs you. The ball python constricts you.
The adder bites you but does no damage.
You barely miss the adder. You bite the adder.
You kill the adder!
* * * LOW HITPOINT WARNING * * *
You feel sick. The ball python bites you. The ball python constricts you.
Your Throwing skill increases to level 3!
Unknown command.
Unknown command.
It was a potion of heal wounds.
That seemed strangely inert.
You die...

....####..........#####
#.....####..........
#.##..# #.########.
#.###.##..# #.# #.
..........# #.# #.
###.###...# #.# #.
#...####.# ##.
#......#.##### #..
#@....<......###..
......S..###.#.###......
#..#.....# #.#.# #..##.#
..#....# #.#.# #. #.#
#.# .....# #.#.####.##.#
. ..#.... #.....##.....
........##[....##.##.#
..#......#.........##<#
#...##.....#..##..


You could see a ball python.

Vanquished Creatures
  An adder (D:2)
  A dart slug (D:1)
  6 endoplasms (D:1)
  A giant cockroach (D:1)
  3 goblins (D:1)
  4 hobgoblins (D:1)
  A quokka (D:1)
  2 ball pythons (D:1)
  5 bats
  2 kobolds (D:1)
  2 rats (D:1)
28 creatures vanquished.

Vanquished Creatures (others)
  2 fungi (D:1)
  2 plants (D:1)
4 creatures vanquished.

Grand Total: 32 creatures vanquished

Notes
Turn   | Place    | Note
-------+----------+-------------------------------------------
     0 | D:1      | HAL9000 the Vine Stalker Brigand began the quest for the
                  | Orb.
     0 | D:1      | Reached XP level 1. HP: 11/11 MP: 2/2
   316 | D:1      | Found a faded altar of an unknown god.
   320 | D:1      | Reached XP level 2. HP: 15/15 MP: 3/3
   630 | D:1      | Reached XP level 3. HP: 18/18 MP: 4/4
  1007 | D:2      | Succumbed to an adder's poison

Illustrated notes

Levels and vault maps discovered:
D:1:      beargit_arrival_diablo_church, layout_rooms,
          shapermc_ecumenical_altar_gd, solitary_fountain
D:2:      layout_loops_ring, chequers_decorated_corner,
          minmay_increasing_density

Skill      XL: |  1  2  3 |
---------------+----------+-----
Short Blades   | 2 |  2.2
Throwing       | 2 3 |  3.1
Fighting       | |  1.7
Dodging        | |  0.7
Stealth        | |  4.8

Action                   || total
-------------------------++-------
Melee: Dagger            ||    75
       Bite              ||    21
  Use: Potion            ||     1
 Stab: Sleeping          ||     8
Armor: Robe              ||    28
Dodge: Dodged            ||    33

Table legend: (Time is in decaauts)
 A = Elapsed time spent in this place.
 B = Non-inter-level travel time spent in this place.
 C = Inter-level travel time spent in this place.
 D = Time resting spent in this place.
 E = Time spent auto-exploring this place.
 F = Levels seen in this place.
 G = Mean time per level.
                   A        B        C        D        E       F      G
               +--------+--------+--------+--------+--------+-----+--------+
         Total |    998 |    981 |     17 |      3 |    788 |   2 |  499.0 |
       Dungeon |    998 |    981 |     17 |      3 |    788 |   2 |  499.0 |
               +--------+--------+--------+--------+--------+-----+--------+

Top non-repeatable levels by time:
     D:1: 908 daAuts
     D:2: 90 daAuts
